 Dungeon Crawl Stone Soup version 0.31.0-2-g5a2aebc5c2 (webtiles) character file.

Game seed: 1269447401129804049

2351 Faeranduil the Covert (level 9, -9/51 HPs)
             Began as an Octopode Alchemist on Jan 19, 2024.
             Mangled by a gnoll
             ... wielding a +1 whip of electrocution
             ... led by a gnoll sergeant
              (10 damage)
             ... on level 6 of the Dungeon on Jan 20, 2024.
             The game lasted 00:28:55 (11350 turns).

Faeranduil the Covert (Octopode Alchemist)         Turns: 11350, Time: 00:28:56

Health: -9/51      AC:  1    Str:  7    XL:     9   Next: 43%
Magic:  3/17       EV: 13    Int: 22    God:
Gold:   341        SH:  0    Dex: 12    Spells: 3/19 levels left

rFire   . . .        o - +1 dagger (elec)
rCold   . . .        (no shield)
rNeg    . . .        (helmet restricted)
rPois   .            (no amulet)
rElec   .            (no ring)
rCorr   .            (no ring)
SInv    .            (no ring)
Will    .....        (no ring)
Stlth   +++++        (no ring)
HPRegen 0.28/turn    (no ring)
MPRegen 0.15/turn    (no ring)
                     (no ring)

%: no passive effects
@: no status effects
A: almost no armour, amphibious, 8 rings, camouflage 1, gelatinous body 1,
(nimble swimmer 1), tentacles
a: no special abilities


You were on level 6 of the Dungeon.
You visited 1 branch of the dungeon, and saw 7 of its levels.
You also visited: Sewer.

You collected 341 gold pieces.

Inventory:

Hand Weapons
 o - a +1 dagger of electrocution (weapon)
Talismans
 f - a storm talisman
Scrolls
 b - a scroll of immolation {unknown}
 d - 3 scrolls of blinking
 e - 2 scrolls of revelation
 h - a scroll of poison {unknown}
 j - 4 scrolls of enchant armour
 m - a scroll of butterflies {unknown}
Potions
 a - a potion of magic
 c - 2 potions of mutation
 i - 4 potions of brilliance
 k - 2 potions of enlightenment
 l - 2 potions of lignification {unknown}
 n - 2 potions of haste {unknown}
 p - 2 potions of curing {unknown}


   Skills:
 - Level 2.0 Dodging
 + Level 8.9 Stealth
 + Level 5.8 Spellcasting
 + Level 4.3 Conjurations
 - Level 4.0 Air Magic
 - Level 8.0 Alchemy


You had 3 spell levels left.
You knew the following spells:

 Your Spells              Type           Power      Damage    Failure   Level
a - Sting                 Conj/Alch      100%       1d9       1%          1
b - Searing Ray           Conj           50%        2d6       2%          2
c - Fulminant Prism       Conj/Alch      16%        3d11      8%          4
d - Mephitic Cloud        Conj/Alch/Air  30%        N/A       3%          3
f - Mercury Vapours       Alch/Air       64%        N/A       1%          2
g - Olgreb's Toxic Radia  Alch           41%        N/A       3%          4

Your spell library contained the following spells:

 Spells                   Type           Power      Damage    Failure   Level
 Magic Dart               Conj           100%       1d8       1%          1
 Ensorcelled Hibernation  Hex/Ice        12%        N/A       14%         2
 Fugue of the Fallen      Necr           6%         N/A       28%         3
 Sticky Flame             Fire/Alch      24%        2d6       19%         4
 Anguish                  Hex/Necr       3%         N/A       67%         4


Dungeon Overview and Level Annotations

Branches:
Dungeon (7/15)              Sewer (visited)
 Temple: D:4-7

Altars:
Ashenzari
Dithmenos
Elyvilon
Fedhas
Kikubaaqudgha
Nemelex Xobeh
Okawaru
Uskayaw
Xom
Zin
The Shining One

Shops:
D:3 :   D:4 =   D:5 [

Annotations:
D:4 3 runed translucent doors, puppykicker's ghost, amateur FoCA
D:5 exclusions: phantom and water moccasin, Blork the orc
D:6 Sigmund


Innate Abilities, Weirdness & Mutations

You cannot wear most types of armour.
You are amphibious.
You can wear up to eight rings at the same time.
Your skin changes colour to match your surroundings (Stealth+).
Your rubbery body absorbs attacks. (AC +1, EV +1)
((You are camouflaged when in or above water. (Stealth+)))
You have tentacles for arms and can constrict up to eight enemies at once.


Message History

Casting: Olgreb's Toxic Radiance (dangerous; 3% risk of failure)
Confirm with . or Enter, or press ? or * to list all spells.
Aiming: Sting (safe; 1% risk of failure)
Press: ? - help, Shift-Dir - straight line, f - shadow imp
Aim: a shadow imp (75% to hit)
The sting hits the shadow imp.
The shadow imp partially resists.
The shadow imp is moderately wounded.
The shadow imp barely misses you.
Casting: Sting (safe; 1% risk of failure)
Confirm with . or Enter, or press ? or * to list all spells.
Aiming: Sting (safe; 1% risk of failure)
Press: ? - help, Shift-Dir - straight line, f/p - shadow imp
Aim: a shadow imp (moderately wounded, 75% to hit)
The sting hits the shadow imp.
The shadow imp partially resists.
The shadow imp is poisoned.
The shadow imp is severely wounded.
The shadow imp gestures at you. Pain shoots through your body!
You hit the shadow imp but do no damage.
Lightning courses through the shadow imp!
You kill the shadow imp!
Casting: Sting (safe; 1% risk of failure)
Confirm with . or Enter, or press ? or * to list all spells.
You begin to radiate toxic energy.
The gnoll is poisoned.
Your toxic aura wanes.
The gnoll looks more healthy.
The gnoll hits you with a +1 whip of electrocution.
You closely miss the gnoll. You grab the gnoll.
The gnoll is severely wounded.
You constrict the gnoll, but do no damage.
The gnoll hits you with a +1 whip of electrocution!
* * * LOW HITPOINT WARNING * * *
You are electrocuted!
* * * LOW HITPOINT WARNING * * *
You hit the gnoll.
You squeeze the gnoll, but do no damage.
The gnoll is almost dead.
You constrict the gnoll.
The gnoll hits you with a +1 whip of electrocution!
You die...

....# #.......# #.........#
....##########...###.........#
...(#......).................#
#..........##....###.........#
..#.....>.##.....# ##.......##
.............##..# ##.....##
###........####.[## #######
.........###.....# #.#.......#
#...@.# #.###########...g.#
#.#####...........#
...#.....####.....#
..........###.....#
.........>.#####.##
...........# #.# .......<...#
#.# ...........# #.#


You could see a gnoll.

Vanquished Creatures
  A wyvern (D:7)
  A water moccasin (D:7)
  2 black bears (D:6)
  An orc warrior (D:7)
  2 sky beasts
  A centaur (D:7)
  A phantom (D:7)
  2 kobold brigands
  3 bullfrogs (D:7)
  A gnoll sergeant (D:6)
  6 scorpions
  3 killer bees (D:7)
  A bombardier beetle (D:5)
  4 hounds
  A jelly (D:4)
  An iguana (D:6)
  2 sleepcaps (D:7)
  3 orc wizards (D:7)
  6 gnolls (D:6)
  10 adders
  A shadow imp (D:6)
  A white imp (D:5)
  2 ufetubi (D:7)
  4 dart slugs
  3 ribbon worms (Sewer)
  16 orcs
  7 bats
  4 endoplasms
  8 giant cockroaches
  10 goblins
  10 hobgoblins
  2 jackals (D:3)
  A quokka (D:1)
  11 ball pythons
  6 frilled lizards
  16 kobolds
  8 rats
162 creatures vanquished.

Vanquished Creatures (others)
  A hound (D:3)
  A bombardier beetle (D:3)
  A hobgoblin (D:3)
  7 fulminant prisms (D:7)
10 creatures vanquished.

Grand Total: 172 creatures vanquished

Notes
Turn   | Place    | Note
-------+----------+-------------------------------------------
     0 | D:1      | Faeranduil the Octopode Alchemist began the quest for the
                  | Orb.
     0 | D:1      | Reached XP level 1. HP: 11/11 MP: 3/3
   249 | D:1      | Reached XP level 2. HP: 17/17 MP: 0/5
   739 | D:1      | Reached XP level 3. HP: 21/21 MP: 4/6
  1408 | D:2      | Found an ancient bone altar of Kikubaaqudgha.
  1940 | D:2      | Learned a level 2 spell: Mercury Vapours
  2044 | D:2      | Identified the +6 mace of Zatwileh {spect, rN+ Stlth+}
  2295 | D:3      | Reached XP level 4. HP: 27/27 MP: 5/7
  2297 | D:3      | Found a shimmering altar of Xom.
  2944 | D:3      | Found Zatuleoc's Book Shoppe.
  3029 | D:3      | Found a broken altar of Ashenzari.
  3333 | D:3      | Reached XP level 5. HP: 31/31 MP: 6/9
  3429 | D:4      | Noticed puppykicker's ghost (amateur FoCA)
  3429 | D:4      | Found a runed translucent gate.
  3429 | D:4      | Found a runed translucent gate.
  3429 | D:4      | Found a runed translucent gate.
  3478 | D:4      | Found Karonaefu's Jewellery Emporium.
  3488 | D:4      | Found a glowing drain.
  3518 | D:4      | Reached skill level 5 in Alchemy
  3538 | Sewer    | Entered a sewer
  3797 | Sewer    | Noticed a kobold brigand
  3823 | Sewer    | Noticed a kobold brigand
  3977 | Sewer    | Noticed a kobold brigand
  4000 | Sewer    | Killed a kobold brigand
  4123 | Sewer    | Noticed a kobold brigand
  4137 | Sewer    | Reached XP level 6. HP: 29/36 MP: 5/10
  5223 | D:4      | Found a blossoming altar of Fedhas.
  5229 | D:4      | Learned a level 4 spell: Olgreb's Toxic Radiance
  5297 | D:4      | Reached skill level 5 in Stealth
  5979 | D:4      | Found a white marble altar of Elyvilon.
  5980 | D:4      | Found a glowing silver altar of Zin.
  5980 | D:4      | Found a glowing golden altar of the Shining One.
  6120 | D:4      | Reached XP level 7. HP: 41/41 MP: 7/12
  6140 | D:4      | Learned a level 3 spell: Mephitic Cloud
  6303 | D:5      | Entered Level 5 of the Dungeon
  6315 | D:5      | Identified the +3 morningstar of Gehenna {distort, *Noise
                  | rN+ Will+}
  6605 | D:5      | Found a sparkling altar of Nemelex Xobeh.
  6860 | D:5      | Found Cufeich's Antique Armour Shop.
  7499 | D:5      | Noticed Blork the orc
  7722 | D:5      | Found an iron altar of Okawaru.
  7848 | D:6      | Reached skill level 1 in Air Magic
  7902 | D:6      | Noticed Sigmund
  8289 | D:6      | Reached XP level 8. HP: 46/46 MP: 4/14
  8499 | D:6      | Learned a level 2 spell: Searing Ray
  8854 | D:7      | Found a hide-covered altar of Uskayaw.
  9242 | D:7      | Upgraded the game from 0.31.0 to 0.31.0-2-g5a2aebc5c2
  9406 | D:7      | Noticed a yak
  9476 | D:7      | HP: 2/46 [centaur/arrow (6)]
  9668 | D:7      | HP: 2/46 [water moccasin (3)]
  9790 | D:7      | Found a shadowy altar of Dithmenos.
  9803 | D:7      | Reached skill level 5 in Spellcasting
  9938 | D:7      | Reached XP level 9. HP: 51/51 MP: 5/16
  9943 | D:7      | Learned a level 4 spell: Fulminant Prism
 10952 | D:7      | Noticed a two-headed ogre
 11349 | D:6      | HP: 1/51 [gnoll/+1 whip of electrocution[a gnoll sergeant]
                  | (14)]
 11350 | D:6      | Mangled by a gnoll

Illustrated notes

Levels and vault maps discovered:
D:1:      minmay_arrival_hallway, layout_basic, st_stairs_4, serial_park_tiny_2,
          minmay_misc_feat_tower, minmay_crystal_room,
          chequers_serial_rivers_room_a
D:2:      layout_rooms, serial_corexii_hall, corexii_hall_statues_l,
          corexii_hall_statues_s, corexii_hall_statues_s, basic_altar,
          chequers_serial_rivers_small_b
D:3:      layout_loops_cross, ashenzari_altar_1, xom_confusion_cloud,
          serial_shops, nicolae_square_shop, kennysheep_nondescript
D:4:      layout_gridville, dreamdust_divine_triumvirate,
          general_overflow_altar, serial_shops, nicolae_stop_n_shop_1,
          gammafunk_ghost_necromancy, gup_sewer_entry_glass
D:5:      layout_layer_cave, okawaru_altar_gauntlet_db,
          mainiacjoe_overflow_paths, minmay_temple_entry_slanted, serial_shops,
          nicolae_shop_tiny_waterfront, chequers_big_river, uniq_grinder,
          uniq_blork_the_orc
D:6:      layout_rooms, uniq_sigmund
D:7:      minmay_chambers_of_fours, layout_basic,
          eat_drink_and_be_merry_uskayaw, nicolae_dithmenos_shadow_blocks,
          lightli_corner_chamber

Skill      XL: |  1  2  3  4  5  6  7  8  9 |
---------------+----------------------------+-----
Stealth        | 3 4 5 6 7 8 |  8.9
Alchemy        | 4 5 6 7 8 |  8.0
Spellcasting   | 3 4 5 |  5.8
Air Magic      | 2 3 4 |  4.0
Conjurations   | 3 4 |  4.3
Dodging        | |  2.0

Action                     |  1- 3 |  4- 6 |  7- 9 || total
---------------------------+-------+-------+-------++-------
  Melee: Unarmed           |     4 |       |       ||     4
         Constrict         |     2 |     3 |     8 ||    13
         Dagger            |       |    11 |    30 ||    41
         Tentacles         |       |     6 |     9 ||    15
         Punch             |       |       |     2 ||     2
   Cast: Sting             |    80 |   129 |    55 ||   264
         Mercury Vapours   |       |     2 |     1 ||     3
         Olgreb's Toxic Ra |       |     4 |    46 ||    50
         Searing Ray       |       |       |     4 ||     4
         Fulminant Prism   |       |       |     7 ||     7
    Use: Scroll            |       |     2 |     4 ||     6
         Potion            |       |     1 |     2 ||     3
 Armour: Skin              |    11 |    27 |    52 ||    90
  Dodge: Dodged            |     6 |    28 |    50 ||    84
